Map: Ley Lines

Players

kitune

  • Race: Zerg Zerg
  • Spawn Location: 1:00

A.I. 2 (Very Easy) - Winner!

  • Race: Protoss Protoss
  • Spawn Location: 7:00

VOD

Have the link to the VOD?

Description

Time

  • Played on: June 19, 2025, 3:59 p.m.
  • Length: 10:52
Show
View Real Time Build Order
Export as new Build Order

kitune Zerg 

Build Orders: Pool First, Lurkers 

Get SALT Encoding   

  12  0:01  Drone  
  13  0:12  Overlord  
  13  0:16  Drone  
  14  0:31  Drone x2  
  16  0:41  Spawning Pool  
  15  0:45  Drone  
  15  0:49  Drone  
  17  1:10  Hatchery  
  16  1:13  Drone  
  16  1:17  Extractor  
  16  1:28  Zergling x2  
  16  1:29  Zergling x4  
  19  1:40  Queen  
  19  1:42  Drone  
  22  1:50  Overlord  
  22  2:10  Drone  
  22  2:12  Drone  
  24  2:16  Queen  
  24  2:22  Metabolic Boost  
  26  2:31  Drone x2  
  28  2:37  Drone x2  
  30  2:52  Hatchery  
  30  2:54  Drone  
  30  2:55  Drone  
  31  3:00  Drone  
  32  3:06  Drone  
  32  3:08  Overlord  
  33  3:15  Queen  
  35  3:20  Drone  
  36  3:30  Drone x4  
  36  3:32  Drone  
  41  3:40  Drone  
  42  3:43  Overlord  
  42  3:57  Drone  
  42  3:58  Drone  
  42  4:00  Overlord  
  42  4:01  Overlord  
  44  4:06  Queen  
  46  4:20  Drone x2  
  46  4:21  Drone x7  
  55  4:25  Spore Crawler  
  55  4:28  Spore Crawler  
  53  4:33  Spore Crawler  
  53  4:35  Drone x3  
  53  4:36  Drone  
  56  4:42  Queen  
  60  5:00  Drone  
  60  5:05  Lair  
  59  5:09  Extractor x2  
  59  5:12  Extractor  
  56  5:21  Drone x11  
  57  5:27  Drone x3  
  70  5:28  Drone  
  70  5:29  Drone x3  
  70  5:31  Overlord x4  
  70  5:32  Overlord  
  74  5:52  Extractor  
  74  5:53  Drone x2  
  74  5:54  Drone  
  74  5:55  Zergling x2  
  74  5:56  Zergling x14  
  84  6:01  Queen, Roach Warren  
  85  6:10  Queen  
  87  6:15  Hydralisk Den, Hatchery  
  87  6:17  Infestation Pit  
  84  6:24  Extractor  
  83  6:28  Drone  
  83  6:30  Drone x2  
  83  6:31  Drone  
  87  6:57  Roach x3  
  87  6:58  Roach x8  
  109  7:03  Overlord  
  109  7:05  Hatchery, Overlord  
  109  7:06  Overlord x2  
  108  7:12  Glial Reconstitution  
  108  7:14  Hive  
  108  7:21  Evolution Chamber  
  108  7:22  Evolution Chamber  
  107  7:31  Drone x2  
  107  7:32  Drone x2  
  107  7:34  Drone  
  107  7:35  Drone x11  
  123  7:40  Queen  
  125  7:54  Hydralisk x8  
  125  7:55  Hydralisk x2  
  145  8:02  Lurker Den  
  145  8:05  Overlord x2  
  143  8:06  Overlord x2  
  143  8:10  Overlord  
  143  8:11  Overlord x5  
  143  8:12  Overlord  
  143  8:28  Drone  
  143  8:29  Drone x2, Extractor  
  143  8:30  Drone x2  
  143  8:31  Drone  
  143  8:32  Hydralisk  
  143  8:33  Hydralisk x3  
  156  8:36  Zergling x16  
  164  8:45  Zerg Missile Weapons Level 1  
  164  8:49  Extractor  
  163  9:00  Seismic Spines  
  163  9:03  Lurker  
  163  9:04  Lurker x11  
  175  9:11  Drone  
  175  9:12  Drone x2  
  178  9:40  Hydralisk x5  
  178  9:41  Hydralisk x5  
Show
View Real Time Build Order
Export as new Build Order

A.I. 2 (Very Easy) Protoss - Winner!

Build Orders:  

Get SALT Encoding   

  12  0:00  Probe  
  13  0:13  Probe  
  14  0:19  Pylon  
  14  0:37  Assimilator  
  14  0:43  Gateway  
  14  0:46  Pylon  
  14  1:13  Assimilator  
  14  1:22  Zealot  
  14  1:23  Probe  
  14  1:31  Probe  
  17  1:32  Cybernetics Core  
  18  1:41  Probe  
  19  1:54  Probe  
  20  1:59  Warp Gate  
  20  2:02  Probe  
  21  2:10  Probe  
  22  2:38  Stalker  
  24  5:19  Probe  
  24  7:08  Probe  
  24  7:14  Adept  
  27  7:16  Pylon, Probe  
  27  7:18  Robotics Facility  
  27  7:21  Nexus  
  28  7:24  Probe  
  29  7:32  Probe  
  28  8:07  Observer  
  28  8:11  Zealot  
  29  8:25  Observer  
  30  8:33  Probe  
  31  8:37  Probe  
  32  8:42  Assimilator  
  32  8:46  Assimilator  
  33  8:48  Probe  
  33  8:52  Probe  
  35  9:02  Probe  
  35  9:08  Stalker  
  37  9:10  Probe  
  38  9:17  Probe  
  39  9:24  Probe  
  39  9:27  Probe  
  40  9:34  Probe  
  41  9:42  Probe  
  42  9:49  Probe  
  44  10:00  Probe  
  45  10:07  Probe  
  46  10:14  Probe  
  46  10:17  Pylon  
  47  10:21  Probe  
Tags
 
Composition
Lurkers
Matchup
PvZ
Opening
Pool First
Spawn Locations
Cross Positions
Add a new tag
Caveats
  • Supply blocks, unpowered buildings, or Contaminate may cause inaccurate times.
  • Supply counts are checked every 10 seconds.